 Dungeon Crawl Stone Soup version 0.30-a0-313-gae38170b09 (webtiles) character file.

Game seed: 8232409719528967702

39 lunkers the Ruffian (level 3, -2/31 HPs)
             Began as a Meteoran Fighter on Oct 26, 2022.
             Slain by an iguana (5 damage)
             ... on level 3 of the Dungeon.
             The game lasted 00:00:57 (526 turns).

lunkers the Ruffian (Meteoran Fighter)               Turns: 526, Time: 00:00:58

Health: -2/31      AC:  4    Str: 18    XL:     3   Next: 94%
Magic:  4/4        EV: 10    Int: 11    God:
Gold:   54         SH:  5    Dex: 13    Spells: 2/2 levels left

rFire   + . .      SeeInvis .      - Unarmed
rCold   + . .      Faith    .    b - +0 buckler
rNeg    . . .      Spirit   .    g - +2 robe {rC+ rF+}
rPois   .          Reflect  .    (no helmet)
rElec   .          Harm     .    (no cloak)
rCorr   .          Rampage  .    (no gloves)
Will    .....                    (no boots)
Stlth   +.........               (no amulet)
HPRegen 0.25/turn                (no ring)
MPRegen 0.09/turn                (no ring)

@: glowing
A: sense surroundings 1, otherworldly, glowing, explore regen
a: no special abilities


You were on level 3 of the Dungeon.
You visited 1 branch of the dungeon, and saw 3 of its levels.

You collected 54 gold pieces.

Inventory:

Armour
 a - a +0 scale mail
 b - a +0 buckler (worn)
 g - a +2 robe of resistance (worn)
Scrolls
 d - a scroll of identify {unknown}
 e - a scroll of immolation {unknown}
 f - a scroll of fear {unknown}
 h - a scroll of summoning {unknown}
 i - a scroll of amnesia {unknown}
Potions
 c - a potion of might


   Skills:
 - Level 3.2 Fighting
 - Level 3.6 Armour
 - Level 3.6 Shields
 + Level 4.5 Unarmed Combat


You had 2 spell levels left.
You didn't know any spells.
Your spell library contained the following spells:

 Spells                   Type           Power      Damage    Failure   Level
 Kiss of Death            Conj/Necr      0%         2d5       43%         1
 Confusing Touch          Hex            0%         N/A       80%         3
 Dispel Undead            Necr           0%         3d6       99%         4


Dungeon Overview and Level Annotations

Branches:
Dungeon (3/15) Zot: 1274

Altars:


Innate Abilities, Weirdness & Mutations

You passively map a small area around you.
You are easily found by Zot.
You glow in the dark.
You regain HP and MP as you explore.


Message History

You feel sick.
You feel sick.
You feel sick.
You feel sick.
You are no longer poisoned.
You see here a book of Touch.
You pick up a book of Touch and begin reading...
You add the spells Kiss of Death, Confusing Touch and Dispel Undead to your library.
Found an escape hatch in the ceiling.
You hit the iguana.
The iguana is lightly wounded.
The iguana barely misses you.
You hit the iguana but do no damage.
The iguana is lightly wounded.
The iguana bites you!
* * * LOW HITPOINT WARNING * * *
You barely miss the iguana.
The iguana is lightly wounded.
You block the iguana's attack.
Unknown command.
You barely miss the iguana.
The iguana is lightly wounded.
The iguana bites you!
* * * LOW HITPOINT WARNING * * *
You barely miss the iguana.
The iguana is lightly wounded.
You block the iguana's attack.
Unknown command.
You hit the iguana.
The iguana is moderately wounded.
The iguana barely misses you.
Unknown command.
You hit the iguana but do no damage.
The iguana is moderately wounded.
The iguana barely misses you.
Unknown command.
You barely miss the iguana.
The iguana is moderately wounded.
The iguana bites you.
You die...

##...## ##...[.## ,
#.......# # #.......#
* #. #.......####* #.<
* ##.......... #... *
#........# **
#....###........# ,,
#.....@l........####..
#...#####....<.).....#
#. ##...###......
##### #.#.# **,, * (.,
# , * * * , * , *


You could see an iguana.

Vanquished Creatures
  2 adders (D:2)
  2 endoplasms (D:1)
  A giant cockroach (D:1)
  3 goblins
  2 hobgoblins (D:1)
  2 kobolds (D:1)
  2 ball pythons
  2 bats (D:2)
  2 frilled lizards (D:1)
  2 rats
20 creatures vanquished.

Notes
Turn   | Place    | Note
-------+----------+-------------------------------------------
     0 | D:1      | lunkers the Meteoran Fighter began the quest for the Orb.
     0 | D:1      | Reached XP level 1. HP: 19/19 MP: 2/2
    73 | D:1      | Reached skill level 3 in Unarmed Combat
    73 | D:1      | Reached XP level 2. HP: 26/26 MP: 3/3
   281 | D:2      | Reached skill level 4 in Unarmed Combat
   281 | D:2      | Reached XP level 3. HP: 13/31 MP: 4/4
   526 | D:3      | Slain by an iguana

Illustrated notes

Levels and vault maps discovered:
D:1:      dpeg_arrival_tiny_i, layout_rooms
D:2:      layout_rooms
D:3:      layout_rooms, kennysheep_vampire_church

Skill      XL: |  1  2 |
---------------+-------+-----
Unarmed Combat | 3 4 |  4.5
Fighting       | |  3.2
Armour         | |  3.6
Shields        | |  3.6

Action                   || total
-------------------------++-------
Melee: Unarmed           ||    85
Armor: Scale mail        ||    26
       Robe              ||     8
Dodge: Dodged            ||    23
Block: Buckler           ||    14

Table legend: (Time is in decaauts)
 A = Elapsed time spent in this place.
 B = Non-inter-level travel time spent in this place.
 C = Inter-level travel time spent in this place.
 D = Time resting spent in this place.
 E = Time spent auto-exploring this place.
 F = Levels seen in this place.
 G = Mean time per level.
                   A        B        C        D        E       F      G
               +--------+--------+--------+--------+--------+-----+--------+
         Total |    524 |    492 |     32 |      0 |    310 |   3 |  174.7 |
       Dungeon |    524 |    492 |     32 |      0 |    310 |   3 |  174.7 |
               +--------+--------+--------+--------+--------+-----+--------+

Top non-repeatable levels by time:
     D:2: 320 daAuts
     D:1: 182 daAuts
     D:3: 22 daAuts
